 Dungeon Crawl Stone Soup version 0.32-a0-928-g1cae6b7ea0 (webtiles) character file.

Game seed: 11919009592148600781

2194 Griffin23 the Carver (level 9, -1/82 HPs)
             Began as a Minotaur Berserker on Apr 12, 2024.
             Was an Elder of Trog.
             Slain by a hornet (5 damage)
             ... on level 6 of the Dungeon.
             The game lasted 00:10:27 (6034 turns).

Griffin23 the Carver (Minotaur Berserker)           Turns: 6034, Time: 00:10:27

Health: -1/82      AC: 12    Str: 25    XL:     9   Next: 12%
Magic:  0/8        EV:  8    Int:  4    God:    Trog [****..]
Gold:   111        SH:  0    Dex: 11    Spells: 8/8 levels left

rFire   . . .        u - +0 great sword
rCold   . . .        (shield currently unavailable)
rNeg    . . .        k - +0 chain mail
rPois   .            (helmet restricted)
rElec   .            (no cloak)
rCorr   .            f - +0 pair of gloves
SInv    .            (no boots)
Will    .....        v - amulet of guardian spirit Stlth
                     (no ring)
HPRegen 0.33/turn    (no ring)
MPRegen 0.11/turn

%: guardian spirit
@: lethally poisoned (-1 -> -42), slowed, studying Fighting, very slow
A: horns 2, retaliatory headbutt
a: Renounce Religion, Berserk, Trog's Hand, Brothers in Arms


You were on level 6 of the Dungeon.
You worshipped Trog.
Trog was greatly pleased with you.
You visited 1 branch of the dungeon, and saw 6 of its levels.

You collected 249 gold pieces.
You spent 138 gold pieces at shops.

Inventory:

Hand Weapons
 a - a +0 falchion
 u - a +0 great sword (weapon)
Armour
 f - a +0 pair of gloves (worn)
 k - a +0 chain mail (worn)
Jewellery
 v - an amulet of guardian spirit (around neck)
Wands
 p - a wand of flame (26)
 q - a wand of polymorph (9)
 y - a wand of paralysis (6)
Scrolls
 c - 6 scrolls of teleportation
 i - 2 scrolls of vulnerability {unknown}
 j - 2 scrolls of immolation
 l - a scroll of enchant armour {unknown}
 m - a scroll of fog {unknown}
 r - a scroll of amnesia {unknown}
 s - 2 scrolls of enchant weapon
 t - 2 scrolls of blinking
 w - a scroll of torment {unknown}
 x - a scroll of summoning {unknown}
Potions
 e - a potion of berserk rage
 g - a potion of curing {unknown}
 h - 2 potions of might
 n - a potion of enlightenment
 o - a potion of ambrosia {unknown}
 z - a potion of haste {unknown}
 A - 2 potions of degeneration


   Skills:
 + Level 8.3 Fighting
 * Level 10.8 Long Blades
 + Level 7.5 Armour
 - Level 2.4 Dodging


You had 8 spell levels left.
You didn't know any spells.
Your spell library was empty.

Dungeon Overview and Level Annotations

Branches:
Dungeon (6/15)             Temple (0/1) D:4

Altars:

Shops:
D:4 =   D:6 ?


Innate Abilities, Weirdness & Mutations

You have a pair of horns on your head.
You reflexively headbutt those who attack you in melee.


Message History

The hornet stings you!
You feel as though you will be slow longer.
The hornet stings you.
You feel as though you will be slow longer.
The hornet stings you.
You suddenly lose the ability to move!
You feel very sick. The hornet stings you!
You are more poisoned.
You feel as though you will be slow longer.
You feel very sick. The hornet stings you.
You are lethally poisoned!
You feel as though you will be slow longer.
The hornet stings you!
* * * LOW HITPOINT WARNING * * *
You are more poisoned.
You shrug off the repeated paralysis!
You can move again.
Unknown command.
Okay, then.
You fail to use your ability.
* * * LOW HITPOINT WARNING * * *
You feel extremely sick. The hornet stings you.
* * * LOW HITPOINT WARNING * * *
You are more poisoned.
You feel as though you will be slow longer.
The hornet stings you but does no damage.
A hound comes into view.
Okay, then.
You feel much better.
* * * LOW HITPOINT WARNING * * *
You feel extremely sick.
The hound barks!
The hornet stings you!
* * * LOW HITPOINT WARNING * * *
You are more poisoned.
You feel as though you will be slow longer.
The hornet stings you.
You die...

### ..# #####.# #>.##.#
#### ### #...).#####..
...# .#####.##.....##.#
....#
.......###.##..#.#.....#
######.# #.###..@y# #.#
#.# ###..# #.#
#.#####..#
#.###..........
#...#......##..#
###.#......# #.#
#.#......###.#
#.......... ..
###......##


You could see a hornet.

Vanquished Creatures
  Grinder (D:4)
  An acid dragon (D:6)
  2 black bears
  2 ogres
  4 scorpions
  A bullfrog (D:6)
  4 wights (D:6)
  3 howler monkeys
  A bombardier beetle (D:4)
  2 jellies
  2 hounds
  6 orc priests
  A gnoll bouda (D:5)
  2 iguanas (D:6)
  A sleepcap (D:6)
  Ijyb (D:3)
  Natasha (thrice) (D:3)
  3 orc wizards
  10 adders
  7 gnolls
  A white imp (D:6)
  5 dart slugs
  2 ribbon worms
  24 orcs
  3 ball pythons
  10 endoplasms
  5 giant cockroaches
  6 goblins
  8 hobgoblins
  4 jackals
  4 quokkas
  2 bats
  4 frilled lizards
  6 kobolds
  4 rats
145 creatures vanquished.

Notes
Turn   | Place    | Note
-------+----------+-------------------------------------------
     0 | D:1      | Griffin23 the Minotaur Berserker began the quest for the
                  | Orb.
     0 | D:1      | Reached XP level 1. HP: 19/19 MP: 0/0
   289 | D:1      | Reached XP level 2. HP: 27/27 MP: 1/1
   387 | D:1      | Reached skill level 4 in Long Blades
   836 | D:2      | Reached XP level 3. HP: 33/33 MP: 2/2
   884 | D:2      | Found a faded altar of an unknown god.
   936 | D:2      | Reached ** piety under Trog
  1345 | D:2      | Reached XP level 4. HP: 35/41 MP: 3/3
  1538 | D:2      | Reached skill level 5 in Long Blades
  1625 | D:3      | Noticed a scorpion
  1630 | D:3      | Killed a scorpion
  1631 | D:3      | Reached XP level 5. HP: 47/47 MP: 4/4
  1976 | D:3      | Noticed Natasha
  1984 | D:3      | Killed Natasha
  2053 | D:3      | Noticed Ijyb
  2063 | D:3      | Killed Ijyb
  2064 | D:3      | Reached skill level 5 in Fighting
  2064 | D:3      | Reached skill level 6 in Long Blades
  2202 | D:3      | Reached XP level 6. HP: 14/56 MP: 5/5
  2387 | D:3      | Noticed Natasha
  2394 | D:3      | Killed Natasha
  2418 | D:3      | Noticed Natasha
  2433 | D:3      | Killed Natasha
  2433 | D:3      | Reached *** piety under Trog
  3225 | D:4      | Reached skill level 7 in Long Blades
  3394 | D:4      | Found a staircase to the Ecumenical Temple.
  3402 | D:4      | Noticed Grinder
  3412 | D:4      | Paralysed by Grinder for 5 turns
  3428 | D:4      | Paralysed by Grinder for 2 turns
  3431 | D:4      | Killed Grinder
  3432 | D:4      | Reached skill level 5 in Armour
  3432 | D:4      | Reached XP level 7. HP: 41/63 MP: 6/6
  3728 | D:4      | Reached skill level 8 in Long Blades
  3766 | D:4      | Found Puokluth's Jewellery Boutique.
  4210 | D:5      | Entered Level 5 of the Dungeon
  4224 | D:5      | Identified the +1 scale mail of the Slimy God {rF- Dex+2
                  | Stlth+}
  4242 | D:5      | Reached XP level 8. HP: 36/71 MP: 7/7
  4916 | D:5      | Reached skill level 9 in Long Blades
  5312 | D:5      | Reached **** piety under Trog
  5590 | D:6      | Reached skill level 10 in Long Blades
  5843 | D:6      | Reached XP level 9. HP: 63/78 MP: 4/8
  5912 | D:6      | Found Qilav's Magic Scroll Shoppe.
  5982 | D:6      | Bought a scroll of blinking for 90 gold pieces
  5982 | D:6      | Bought a scroll of identify for 24 gold pieces
  5982 | D:6      | Bought a scroll of identify for 24 gold pieces
  6030 | D:6      | Paralysed by a hornet for 3 turns
  6034 | D:6      | HP: 4/82 [hornet (12)]
  6034 | D:6      | Slain by a hornet

Illustrated notes

Levels and vault maps discovered:
D:1:      wander_arrival_fairy_ring, layout_basic, minmay_misc_feat_room,
          st_stairs_3
D:2:      layout_loops_ring, hellmonk_ecumenical_altar_dog_temple,
          guppyfry_early_orc_mine
D:3:      layout_basic, uniq_natasha, uniq_ijyb
D:4:      layout_basic, minmay_temple_entry_enclosed_plants, serial_shops,
          nicolae_shop_gaudy_bauble, uniq_grinder
D:5:      layout_rooms
D:6:      layout_basic, serial_shops, shop, minmay_manual_monstrance

Skill      XL: |  1  2  3  4  5  6  7  8 |
---------------+-------------------------+-----
Long Blades    | 4 5 6 7 8 10 | 10.8
Fighting       | 4 5 6 8 |  8.3
Armour         | 3 4 5 7 |  7.5
Dodging        | |  2.4

Action                     |  1- 3 |  4- 6 |  7- 9 || total
---------------------------+-------+-------+-------++-------
  Melee: Falchion          |    95 |   126 |   114 ||   335
         Headbutt          |    19 |    19 |    28 ||    66
         Great sword       |       |       |    70 ||    70
 Invoke: Berserk           |       |     4 |     6 ||    10
  Evoke: Wand              |       |    11 |     2 ||    13
    Use: Scroll            |       |     1 |     7 ||     8
         Potion            |       |       |     1 ||     1
 Armour: Animal skin       |    18 |       |       ||    18
         Scale mail        |    37 |       |       ||    37
         Chain mail        |     8 |    98 |   194 ||   300
  Dodge: Dodged            |    68 |    47 |   100 ||   215

Table legend: (Time is in decaauts)
 A = Elapsed time spent in this place.
 B = Non-inter-level travel time spent in this place.
 C = Inter-level travel time spent in this place.
 D = Time resting spent in this place.
 E = Time spent auto-exploring this place.
 F = Levels seen in this place.
 G = Mean time per level.
                   A        B        C        D        E       F      G
               +--------+--------+--------+--------+--------+-----+--------+
         Total |   6144 |   5974 |    170 |   1577 |   3362 |   6 | 1024.0 |
       Dungeon |   6144 |   5974 |    170 |   1577 |   3362 |   6 | 1024.0 |
               +--------+--------+--------+--------+--------+-----+--------+

Top non-repeatable levels by time:
     D:4: 1735 daAuts
     D:3: 1529 daAuts
     D:1: 823 daAuts
     D:2: 796 daAuts
     D:5: 662 daAuts
     D:6: 596 daAuts
